 Dungeon Crawl Stone Soup version 0.28-a0-863-g8cecda6153 (webtiles) character file.

Game seed: 6204599521767000044

392 Ijustatesigmund the Skirmisher (level 6, -8/60 HPs)
             Began as a Gargoyle Wanderer on Nov 17, 2021.
             Mangled by an ogre (22 damage)
             ... on level 4 of the Dungeon.
             The game lasted 00:09:00 (3788 turns).

Ijustatesigmund the Skirmisher (Gargoyle Wanderer)  Turns: 3788, Time: 00:09:00

Health: -8/60      AC: 30    Str: 17    XL:     6   Next: 80%
Magic:  7/7        EV:  2    Int: 11    God:
Gold:   69         SH:  0    Dex: 11    Spells: 7/7 levels left

rFire   . . .      SeeInvis .   a - +2 mace (protect)
rCold   . . .      Faith    .   (no shield)
rNeg    + . .      Spirit   .   (armour currently unavailable)
rPois   ∞          Reflect  .   (helmet currently unavailable)
rElec   .          Harm     .   (cloak currently unavailable)
rCorr   .          Rampage  .   (gloves currently unavailable)
Will    .....      NoTele   +   (boots currently unavailable)
Stlth   +.........              (no amulet)
HPRegen 0.20/turn               (no ring)
MPRegen 0.10/turn               (no ring)

@: tree-form, under a protective aura
A: stationary, stasis, torment immunity, boosted hp, sickness immunity, AC +4,
negative energy resistance 1, (electricity resistance), torment resistance 1,
petrification resistance
a: no special abilities


You were on level 4 of the Dungeon.
You were a tree.
You visited 1 branch of the dungeon, and saw 5 of its levels.

You collected 69 gold pieces.

Inventory:

Hand Weapons
 a - a +2 mace of protection (weapon)
Armour
 d - a +1 ring mail (melded)
 g - a +2 pair of gloves (melded)
 k - a +2 pair of boots of stealth (melded)
 n - a +0 cloak (melded)
Wands
 l - a wand of digging (3)
Scrolls
 e - a scroll of fog
 f - a scroll of enchant armour
Potions
 i - a potion of ambrosia
 m - a potion of attraction {unknown}
 o - a potion of resistance {unknown}
Miscellaneous
 b - a phial of floods (quivered)


   Skills:
 + Level 5.5 Fighting
 + Level 3.4 Maces & Flails
 - Level 1.0 Bows
 + Level 4.3 Armour
 - Level 1.1 Stealth
 - Level 1.0 Spellcasting
 - Level 2.1 Conjurations
 - Level 1.0 Evocations


You had 7 spell levels left.
You didn't know any spells.
Your spell library contained the following spells:

 Spells                   Type           Power      Damage    Failure   Level
 Sting                    Tmut/Pois      0%         1d3       32%         1
 Poisonous Vapours        Pois/Air       0%         N/A       43%         2
 Ozocubu's Armour         Ice            0%         N/A       67%         3
 Tukima's Dance           Hex            0%         N/A       67%         3
 Olgreb's Toxic Radiance  Pois           0%         N/A       97%         4
 Passage of Golubria      Tloc           0%         N/A       97%         4
 Yara's Violent Unravell  Hex/Tmut       0%         3d3       100%        5
 Ozocubu's Refrigeration  Ice            0%         4d5       100%        7


Dungeon Overview and Level Annotations

Branches:
Dungeon (5/15)
 Temple: D:4-7

Altars:
Dithmenos
Hepliaklqana
Trog

Annotations:
D:2 Sigmund


Innate Abilities, Weirdness & Mutations

You are a tree.
Your roots penetrate the ground, keeping you stationary.
You cannot be teleported.
You are immune to unholy pain and torment.
Your maximum health is greatly increased.
Your equipment is partially melded.
You are immune to sickness and miasma.
((Your stone body is resilient. (AC +4)))
You are immune to poison.
You resist negative energy. (rN+)
((You are resistant to electric shocks. (rElec)))
You are resistant to unholy torment.
You are immune to petrification.


Message History

There is a stone staircase leading up here.
The ogre closely misses you.
You climb upwards.
There is a stone staircase leading down here.
Really quaff the potion of lignification?
You turn into a tree.
Your +0 cloak melds into your body.
Your +2 pair of gloves melds into your body.
Your +2 pair of boots of stealth melds into your body.
Your +1 ring mail melds into your body.
You feel less stealthy.
Your roots penetrate the ground.
You hit the ogre.
Your weapon exudes an aura of protection.
The ogre is lightly wounded.
The ogre hits you with a +0 giant spiked club!!
You are too injured to fight recklessly!
You are too injured to fight recklessly!
You are too injured to fight recklessly!
You are too injured to fight recklessly!
You are too injured to fight recklessly!
You are too injured to fight recklessly!
You are too injured to fight recklessly!
You are too injured to fight recklessly!
You are too injured to fight recklessly!
You are too injured to fight recklessly!
You hit the ogre.
The ogre is moderately wounded.
The ogre hits you but does no damage.
You hit the ogre.
The ogre is moderately wounded.
The ogre hits you with a +0 giant spiked club.
You completely miss the ogre.
The ogre is moderately wounded.
The ogre hits you but does no damage.
You hit the ogre.
The ogre is heavily wounded.
The ogre hits you with a +0 giant spiked club!
* * * LOW HITPOINT WARNING * * *
It was a potion of flight.
Your roots keep you in place.
The ogre hits you with a +0 giant spiked club!!
You die...

.##....######.......## ####..
.##..................############
..#.........##.......##......## #
#......####..........#........###
#.[....# ####.................##
#...#### #.................##
......# #.................##
......########..O..............##
...........)..).♣................
........#..#####...#..(.......###
..(...#......########.)........#
#.###...####...## #..........#
#.# ##..## ###..#####.........)#
#.# #...# ##.....#....)....)##
#.# ##.#.## #####.#............
#.# #..#..#### #..#...........
..###.###....## ##...........#.


You could see an ogre.

Vanquished Creatures
  A black bear (D:4)
  A howler monkey (D:4)
  2 hounds (D:4)
  An orc priest (D:3)
  Crazy Yiuf (D:4)
  A bullfrog skeleton (D:4)
  An orc wizard (D:3)
  2 adders (D:4)
  An adder skeleton (D:4)
  A dart slug (D:4)
  2 orcs
  9 ball pythons
  3 endoplasms
  4 giant cockroaches
  13 goblins
  5 hobgoblins
  3 jackals (D:4)
  A quokka (D:3)
  A frilled lizard (D:2)
  6 kobolds
  6 rats (D:1)
65 creatures vanquished.

Notes
Turn   | Place    | Note
-------+----------+-------------------------------------------
     0 | D:1      | Ijustatesigmund the Gargoyle Wanderer began the quest for
                  | the Orb.
     0 | D:1      | Ijustatesigmund set off with the following items: a +0 hand
                  | axe, a phial of floods, a scroll of teleportation, a +0
                  | robe
     0 | D:1      | Reached XP level 1. HP: 14/14 MP: 2/2
   411 | D:1      | Reached XP level 2. HP: 19/19 MP: 3/3
   754 | D:1      | Found a faded altar of an unknown god.
  1177 | D:2      | Noticed Sigmund
  1180 | D:2      | Reached XP level 3. HP: 22/24 MP: 4/4
  1412 | D:3      | Reached skill level 1 in Maces & Flails
  1683 | D:3      | Reached skill level 4 in Fighting
  1683 | D:3      | Reached XP level 4. HP: 27/29 MP: 5/5
  1977 | D:3      | Found a shadowy altar of Dithmenos.
  2584 | D:4      | Reached XP level 5. HP: 33/34 MP: 6/6
  2627 | D:4      | Found a bloodstained altar of Trog.
  2627 | D:4      | Found a hazy altar of Hepliaklqana.
  2754 | D:4      | Reached skill level 5 in Fighting
  2754 | D:4      | Reached XP level 6. HP: 40/40 MP: 7/7
  2780 | D:4      | Found a runed translucent door.
  2781 | D:4      | Noticed Crazy Yiuf
  2792 | D:4      | Killed Crazy Yiuf
  3209 | D:4      | Noticed a black bear
  3464 | D:4      | Killed a black bear
  3747 | D:5      | Entered Level 5 of the Dungeon
  3779 | D:5      | Noticed an ice beast
  3788 | D:4      | Mangled by an ogre

Illustrated notes

Levels and vault maps discovered:
D:1:      eino_arrival_tree_alley, layout_rooms,
          hellmonk_ecumenical_altar_zigzags, corexii_hall_statues_deadend,
          grunt_decor_mini_mirrors
D:2:      layout_basic, kennysheep_path_1, uniq_sigmund
D:3:      layout_loops_ring, mainiacjoe_overflow_chevrons,
          chequers_serial_rivers_micro_a
D:4:      layout_rooms, chequers_temple_overflow_statue_of_worship,
          minmay_goblin_outpost, uniq_crazy_yiuf_cottage
D:5:      layout_cave_pools, mainiacjoe_overflow_tiny_flanked

Skill      XL: |  1  2  3  4  5  6 |
---------------+-------------------+-----
Armour         | 2 3 4 |  4.3
Maces & Flails | 1 2 3 |  3.4
Fighting       | 4 5 |  5.5
Bows           | |  1.0
Stealth        | |  1.1
Spellcasting   | |  1.0
Conjurations   | |  2.1
Evocations     | |  1.0

Action                   |  1- 3 |  4- 6 || total
-------------------------+-------+-------++-------
Melee: Whip              |    46 |       ||    46
       Mace              |    57 |   154 ||   211
  Use: Scroll            |     6 |     3 ||     9
       Potion            |     1 |     2 ||     3
Armor: Robe              |     6 |       ||     6
       Ring mail         |    49 |   151 ||   200
       Skin              |       |     2 ||     2
Dodge: Dodged            |    54 |    99 ||   153

Table legend: (Time is in decaauts)
 A = Elapsed time spent in this place.
 B = Non-inter-level travel time spent in this place.
 C = Inter-level travel time spent in this place.
 D = Time resting spent in this place.
 E = Time spent auto-exploring this place.
 F = Levels seen in this place.
 G = Mean time per level.
                   A        B        C        D        E       F      G
               +--------+--------+--------+--------+--------+-----+--------+
         Total |   3857 |   3786 |     71 |   1038 |   1969 |   5 |  771.4 |
       Dungeon |   3857 |   3786 |     71 |   1038 |   1969 |   5 |  771.4 |
               +--------+--------+--------+--------+--------+-----+--------+

Top non-repeatable levels by time:
     D:4: 1518 daAuts
     D:3: 972 daAuts
     D:1: 955 daAuts
     D:2: 408 daAuts
     D:5: 4 daAuts
